 Dungeon Crawl Stone Soup version 0.28-a0-1524-ge72afd5fc6 (webtiles) character file.

Game seed: 3615968613544837713

0 psuckher the Sneak (level 1, -5/18 HPs)
             Began as a Barachi Delver on Jan 17, 2022.
             Slain by psuckher's ghost (6 damage)
             ... on level 5 of the Dungeon.
             The game lasted 00:00:35 (31 turns).

psuckher the Sneak (Barachi Delver)                   Turns: 31, Time: 00:00:35

Health: -5/18      AC:  3    Str: 13    XL:     1   Next: 0%
Magic:  1/1        EV: 12    Int: 10    God:
Gold:   0          SH:  0    Dex: 13    Spells: 0/0 levels left

rFire   . . .      SeeInvis .   a - +0 falchion
rCold   . . .      Faith    .   (no shield)
rNeg    . . .      Spirit   .   b - +0 leather armour
rPois   .          Reflect  .   (no helmet)
rElec   .          Harm     .   (no cloak)
rCorr   .          Rampage  .   (no gloves)
Will    .....                   (no boots)
Stlth   ++........              (no amulet)
HPRegen 0.06/turn               (no ring)
MPRegen 0.07/turn               (no ring)

@: slow
A: amphibious, slowness 1, strong legs 1, +LOS
a: Hop


You were on level 5 of the Dungeon.
You visited 1 branch of the dungeon, and saw 1 of its levels.

Inventory:

Hand Weapons
 a - a +0 falchion (weapon)
Armour
 b - a +0 leather armour (worn)
Wands
 g - a wand of digging (3)
Scrolls
 c - a scroll of fog
 d - a scroll of magic mapping
 h - a scroll of immolation {unknown}
Potions
 f - a potion of haste


   Skills:
 + Level 3.6 Fighting
 + Level 2.4 Long Blades
 + Level 2.1 Dodging
 + Level 4.5 Stealth


You couldn't memorise any spells.
You didn't know any spells.
Your spell library was empty.

Dungeon Overview and Level Annotations

Branches:
Dungeon (5/15)
 Temple: D:4-7

Altars:
Fedhas
Gozag
Uskayaw

Annotations:
D:5 psuckher's ghost, weakling BaDe


Innate Abilities, Weirdness & Mutations

You are amphibious.
You cover ground slowly.
You can hop short distances.
You have an extended range of vision and can be seen from far away.


Message History

Welcome, psuckher the Barachi Delver.
You feel drawn to the Orb of Zot, downwards into the unfathomable depths...
Press ? for a list of commands and other information.
Found three items.
Found three altars.
Found an escape hatch in the ceiling.
Found a stone staircase leading down.
There is an opulent altar of Gozag here.
You kneel at the altar of Gozag.
Gozag does not accept service from beggars like you!
The service fee for joining is currently 8 gold; you have none.
h - a scroll labelled BUXKAU RAFFORE
Found a runed translucent door.
Found a scroll of fog and 13 bolts.
Psuckher's ghost turns its malevolent gaze towards you.
A scorpion comes into view.
You open the door. You closely miss psuckher's ghost.
Psuckher's ghost barely misses you.
You closely miss psuckher's ghost. Psuckher's ghost hits you.
You hit psuckher's ghost.
Psuckher's ghost is moderately damaged.
Psuckher's ghost hits you!
Ouch! That really hurt!
* * * LOW HITPOINT WARNING * * *
You closely miss psuckher's ghost.
Psuckher's ghost is lightly damaged.
Psuckher's ghost hits you.
* * * LOW HITPOINT WARNING * * *
As you read the scroll of fear, it crumbles to dust.
You assume a fearsome visage.
Psuckher's ghost is unaffected.
The scorpion looks frightened!
Psuckher's ghost hits you.
You die...

≈≈≈≈ PP♣≈..... ≈≈≈≈≈≈.
≈≈♣..... ≈≈≈≈P≈. ≈.....
. ≈≈≈P≈≈.♣♣..... ..
≈♣≈≈♣.... ... #.##
......... ..###.....
#.#.....###.......
#.#.##..(.....##
#.#..#.....@...##.
#..#.#....#W#.....#
#####..#.#...##.##......
#...........##...##....#
#..........##.....##..##
#._8_.##...#⌠.!♣?.⌠#.s..
#.._..##...##.....##....
#...........##...##.....
####..<......##⌠##......


You could see a scorpion (fleeing) and psuckher's ghost.

Vanquished Creatures (others)
  A plant (D:5)
1 creature vanquished.

Notes
Turn   | Place    | Note
-------+----------+-------------------------------------------
     0 | D:5      | psuckher the Barachi Delver began the quest for the Orb.
     0 | D:5      | Reached XP level 1. HP: 18/18 MP: 1/1
    11 | D:5      | Found a runed translucent door.
    11 | D:5      | Noticed psuckher's ghost (weakling BaDe)
    24 | D:5      | Noticed a scorpion
    31 | D:5      | Slain by psuckher's ghost

Illustrated notes

Levels and vault maps discovered:
D:5:      layout_rooms, grunt_temple_overflow_open,
          chequers_temple_overflow_statue_of_worship, temple_hall,
          hellmonk_ghost_happy_afterlife, serial_bayou_lagoon_b, uniq_menkaure

Action                   || total
-------------------------++-------
Melee: Falchion          ||     4
  Use: Scroll            ||     1
Dodge: Dodged            ||     1

Table legend: (Time is in decaauts)
 A = Elapsed time spent in this place.
 B = Non-inter-level travel time spent in this place.
 C = Inter-level travel time spent in this place.
 D = Time resting spent in this place.
 E = Time spent auto-exploring this place.
 F = Levels seen in this place.
 G = Mean time per level.
                   A        B        C        D        E       F      G
               +--------+--------+--------+--------+--------+-----+--------+
         Total |     36 |     36 |      0 |      0 |      0 |   1 |   36.0 |
       Dungeon |     36 |     36 |      0 |      0 |      0 |   1 |   36.0 |
               +--------+--------+--------+--------+--------+-----+--------+

Top non-repeatable levels by time:
     D:5: 36 daAuts
